Map: World of Sleepers LE

Players

BAdhAbBitS

  • Race: Terran Terran
  • League: Platinum
  • Spawn Location: 7:00

ViBE - Winner!

  • Race: Terran Terran
  • League: Diamond
  • Spawn Location: 1:00

VOD

Have the link to the VOD?

Description

Time

  • Played on: Dec. 23, 2019, 4:53 a.m.
  • Length: 27:39
Show
View Real Time Build Order
Export as new Build Order

BAdhAbBitS Terran 

Build Orders:  

Get SALT Encoding   

  12  0:00  SCV  
  13  0:12  SCV  
  14  0:17  Supply Depot  
  14  0:25  SCV  
  14  0:28  Refinery  
  15  0:39  SCV  
  16  0:44  Barracks  
  16  0:51  SCV  
  16  0:56  Refinery  
  17  1:03  SCV  
  18  1:15  SCV  
  19  1:31  Orbital Command, Reaper  
  20  1:35  Factory  
  20  1:44  Supply Depot  
  20  1:59  SCV  
  21  2:03  Reaper  
  22  2:11  SCV  
  23  2:19  Hellion  
  25  2:23  SCV  
  25  2:25  Command Center  
  26  2:35  SCV  
  26  2:36  Reaper  
  28  2:42  Supply Depot  
  28  2:43  Hellion  
  30  2:47  SCV  
  31  2:57  Starport  
  31  3:04  SCV  
  31  3:08  Factory Tech Lab  
  31  3:14  Barracks Tech Lab  
  31  3:16  SCV, Refinery  
  32  3:28  SCV  
  33  3:37  Cyclone  
  33  3:40  SCV  
  35  3:42  Orbital Command  
  35  3:52  SCV  
  33  4:04  SCV  
  33  4:08  Raven  
  36  4:10  SCV  
  36  4:12  Siege Tank  
  36  4:16  SCV  
  41  4:20  Supply Depot  
  41  4:22  SCV  
  42  4:29  SCV  
  43  4:34  SCV  
  43  4:35  Command Center  
  44  4:41  SCV  
  44  4:44  Siege Tank  
  48  4:46  SCV  
  48  4:51  Raven  
  51  4:53  SCV  
  51  4:58  SCV  
  53  5:02  Barracks Reactor  
  53  5:05  SCV  
  54  5:08  Barracks  
  54  5:09  Barracks  
  54  5:14  SCV  
  54  5:18  SCV, Engineering Bay  
  54  5:20  Engineering Bay, Siege Tank  
  59  5:26  SCV  
  59  5:31  Barracks  
  59  5:32  Barracks  
  59  5:33  Refinery  
  59  5:35  SCV, Supply Depot  
  60  5:41  SCV  
  61  5:45  Terran Infantry Weapons Level 1  
  61  5:47  Supply Depot  
  61  5:51  Orbital Command  
  61  5:55  Terran Infantry Armor Level 1  
  61  5:57  Barracks Reactor  
  61  6:01  Stimpack  
  61  6:03  SCV  
  62  6:04  SCV  
  62  6:09  Barracks Reactor  
  63  6:15  Siege Tank  
  63  6:16  SCV  
  67  6:18  Barracks Reactor  
  67  6:19  Barracks Reactor  
  67  6:24  Viking  
  67  6:25  SCV  
  70  6:26  Orbital Command  
  70  6:28  SCV  
  70  6:31  Viking  
  73  6:37  SCV  
  73  6:38  Marine x2, Supply Depot  
  76  6:41  SCV  
  76  6:47  Marine x2  
  78  6:49  SCV  
  78  6:53  SCV  
  82  6:54  SCV  
  82  6:55  Marine x2  
  82  6:56  Marine x3  
  82  6:57  Siege Tank  
  90  7:01  SCV  
  90  7:04  Supply Depot  
  90  7:05  Armory  
  90  7:06  SCV x2  
  93  7:08  Marine  
  93  7:09  Marine  
  93  7:13  Viking x2  
  93  7:14  Marine  
  93  7:15  Marine  
  101  7:24  Supply Depot  
  101  7:25  Marine x3  
  101  7:26  Marine x2, SCV x3  
  106  7:30  Marine x2  
  106  7:33  Refinery  
  106  7:34  Refinery  
  106  7:35  Supply Depot  
  108  7:37  Supply Depot  
  108  7:38  SCV  
  108  7:41  Combat Shield  
  109  7:45  Marine x6  
  109  7:46  SCV  
  109  7:49  SCV  
  117  7:53  Supply Depot  
  117  7:56  Marine, Medivac x2  
  117  7:57  Siege Tank  
  125  7:58  Marine  
  125  8:00  SCV  
  125  8:01  Terran Infantry Weapons Level 2  
  125  8:02  Marine  
  125  8:03  Marine x2  
  130  8:06  Supply Depot  
  130  8:08  Supply Depot  
  130  8:11  Terran Infantry Armor Level 2  
  130  8:15  Marine  
  130  8:16  Marine  
  130  8:18  Marine x2  
  114  8:20  Marine  
  114  8:21  Marine x2  
  114  8:22  Marine x2  
  101  8:28  Medivac  
  101  8:29  Medivac  
  101  8:30  SCV  
  101  8:33  Marine  
  100  8:34  Marine  
  100  8:36  Marine x2  
  103  8:42  Command Center  
  103  8:43  Terran Vehicle Weapons Level 1  
  103  8:44  Marine x3  
  103  8:47  Siege Tank  
  109  8:48  Marine  
  109  8:52  Marine x2  
  112  8:57  SCV x3  
  112  8:58  Marine x2  
  112  9:00  Marine  
  112  9:01  Marine  
  119  9:05  Medivac x2  
  119  9:09  SCV  
  124  9:11  Sensor Tower  
  124  9:13  Sensor Tower  
  124  9:14  Marine  
  124  9:16  Marine x2  
  126  9:25  Marine  
  126  9:27  Siege Tank  
  126  9:29  Marine x2  
  111  9:31  SCV x2  
  111  9:35  Marine x2  
  111  9:36  Factory  
  111  9:37  Marine x2  
  117  9:39  Marine  
  117  9:41  Viking  
  117  9:42  Marine  
  121  9:46  Marine  
  121  9:47  Marine x2  
  123  9:53  Marine x2  
  123  9:55  SCV  
  123  9:56  Planetary Fortress  
  123  9:59  Marine x2  
  128  10:08  Marine x3  
  128  10:09  Siege Tank  
  128  10:13  Marine  
  135  10:15  Command Center  
  135  10:17  Marine  
  136  10:27  Marine x2  
  138  10:29  Marine x2  
  138  10:31  Marine x3  
  138  10:32  Factory Tech Lab  
  138  10:34  Marine  
  138  10:35  Marine  
  120  10:38  Terran Infantry Weapons Level 3  
  120  10:41  Terran Infantry Armor Level 3, Siege Tank  
  120  10:42  Terran Vehicle Weapons Level 2  
  120  10:46  Marine x2  
  120  10:49  Viking  
  124  10:50  Marine x2  
  124  10:52  Marine  
  124  10:53  Siege Tank  
  129  10:58  Marine  
  129  11:00  Marine x2  
  129  11:02  Marine  
  114  11:13  Siege Tank  
  114  11:16  Command Center  
  114  11:17  Marine x3  
  109  11:18  Marine x2  
  109  11:19  Marine  
  109  11:23  Marine x3  
  109  11:35  Marine x3, Siege Tank  
  109  11:36  Barracks  
  109  11:37  Barracks  
  109  11:38  Barracks  
  115  11:47  Marine x3  
  115  11:48  Siege Tank  
  115  11:54  Marine x3  
  121  11:56  Marine x2  
  121  11:57  Medivac x2  
  121  12:01  Starport, Refinery  
  130  12:02  Marine  
  130  12:03  Starport  
  130  12:05  Marine x2  
  133  12:09  Factory  
  133  12:15  Marine x3  
  135  12:16  Marine  
  135  12:17  Marine x2  
  135  12:21  Marine  
  139  12:23  Marine, Siege Tank x2  
  139  12:27  Marine  
  139  12:28  Barracks Reactor x2  
  139  12:29  Barracks Reactor  
  146  12:30  SCV  
  146  12:31  SCV x2  
  146  12:36  Marine  
  148  12:38  Marine x2  
  148  12:39  Marine x2  
  148  12:40  Marine  
  148  12:42  Starport Reactor  
  125  12:44  Starport Reactor  
  125  12:48  Planetary Fortress  
  125  12:49  SCV x2  
  124  12:55  Marine x2, Siege Tank  
  124  12:56  Medivac x2  
  133  12:59  Marine x3  
  133  13:00  Marine x2  
  133  13:04  Terran Vehicle Weapons Level 3  
  138  13:06  Marine x2  
  138  13:09  SCV x3  
  143  13:15  Marine x3  
  143  13:16  Marine, Factory Tech Lab  
  147  13:21  Marine x2  
  147  13:22  Medivac x2  
  153  13:28  Refinery  
  153  13:29  Refinery, Command Center  
  153  13:32  Marine  
  154  13:35  Hi-Sec Auto Tracking, Fusion Core  
  154  13:38  Neosteel Armor  
  154  13:40  Marine x2  
  156  13:43  Marine  
  156  13:44  Marine  
  156  13:46  Marine x2  
  156  13:47  Siege Tank  
  156  13:48  Marine x2  
  160  13:50  Marine x3  
  160  13:51  Marine  
  160  13:55  Siege Tank  
  140  13:56  Marine x2  
  140  13:58  Marine x2  
  140  14:00  Siege Tank  
  140  14:02  SCV  
  146  14:09  Planetary Fortress  
  147  14:10  SCV x3  
  147  14:13  Marine x2  
  147  14:14  Marine  
  152  14:17  Marine x2  
  152  14:18  Sensor Tower  
  152  14:20  Siege Tank  
  152  14:21  Viking  
  152  14:23  Marine x2  
  152  14:24  Marine  
  152  14:27  Marine x2  
  145  14:39  Siege Tank  
  145  14:40  Command Center  
  145  14:43  Marine, Siege Tank  
  145  14:45  Medivac  
  153  14:46  Medivac  
  153  14:48  Marine  
  153  14:52  Marine x2, Siege Tank  
  161  14:53  Refinery  
  161  14:56  Viking  
  163  15:02  Viking x2  
  167  15:07  Marine x2  
  167  15:09  Orbital Command  
  167  15:11  Marine  
  167  15:13  Siege Tank  
  167  15:14  Marine x2  
  148  15:15  Siege Tank  
  148  15:17  Marine  
  148  15:20  Marine x2  
  139  15:24  Siege Tank  
  139  15:32  Advanced Ballistics  
  139  15:34  Marine, Viking x3  
  146  15:40  Marine x3  
  146  15:42  Terran Ship Weapons Level 1  
  149  15:43  Marine x3  
  149  15:44  Marine  
  149  15:45  Siege Tank  
  156  15:53  Marine x3  
  156  15:54  Siege Tank  
  156  15:56  Marine x3, Siege Tank  
  168  15:59  Marine x2  
  170  16:05  Command Center  
  170  16:07  Marine  
  171  16:12  Liberator x2  
  171  16:14  Marine  
  171  16:17  Siege Tank  
  175  16:20  Marine x2  
  175  16:22  Marine  
  171  16:26  Siege Tank  
  171  16:27  Marine  
  171  16:28  Medivac x2, Viking x2  
  171  16:31  Marine  
  182  16:33  Siege Tank  
  182  16:39  Marine x2  
  187  16:42  Marine x2  
  187  16:47  Marine x2  
  184  16:50  Marine x6, Siege Tank  
  138  16:54  Marine x2  
  138  16:55  Marine  
  138  16:57  Marine  
  138  16:59  Liberator  
  139  17:01  Marine, Factory  
  139  17:02  Factory  
  139  17:03  Orbital Command  
  134  17:13  Command Center  
  134  17:14  Planetary Fortress  
  130  17:17  Marine x6  
  130  17:18  Marine x3  
  130  17:21  SCV x3  
  130  17:22  Siege Tank  
  147  17:33  Marine  
  148  17:38  Marine  
  132  17:45  Marine x3  
  132  17:47  Factory Tech Lab  
  132  17:49  Factory Tech Lab  
  134  17:51  Refinery  
  134  17:53  Marine x2, Refinery  
  134  17:54  Marine, Siege Tank  
  140  18:02  Command Center  
  140  18:04  Marine x4  
  140  18:05  Marine  
  142  18:11  Terran Ship Weapons Level 2  
  142  18:13  Marine x2  
  142  18:17  Marine x3  
  142  18:19  Siege Tank  
  150  18:21  Marine x2, Siege Tank  
  150  18:25  SCV x2  
  150  18:26  Siege Tank  
  160  18:27  Marine x3  
  160  18:43  Marine  
  160  18:47  Marine x2, Viking  
  165  18:51  Siege Tank  
  165  18:53  Marine x3, Siege Tank  
  165  18:54  Medivac  
  174  18:57  Marine  
  174  19:01  Marine x3  
  159  19:03  Marine x3, Siege Tank  
  159  19:05  Marine  
  159  19:06  Marine x3  
  159  19:09  Marine  
  123  19:14  Marine  
  123  19:16  Marine x2  
  123  19:23  Siege Tank  
  126  19:24  Liberator  
  126  19:29  Marine x4  
  130  19:37  Marine x2  
  130  19:38  Marine  
  133  19:39  Marine x4, Siege Tank  
  133  19:40  Marine x3  
  133  19:44  Marine  
  144  19:46  Marine  
  144  19:47  Siege Tank  
  124  19:54  Marine x3  
  124  19:55  Siege Tank  
  124  19:56  SCV  
  127  20:00  SCV x3  
  130  20:11  Siege Tank  
  131  20:19  Marine x3, Siege Tank  
  134  20:23  Marine  
  134  20:24  Marine  
  134  20:27  Siege Tank  
  131  20:51  Planetary Fortress  
  131  20:52  Refinery, Command Center  
  131  20:53  Refinery  
  131  20:55  Marine x2  
  131  20:56  Marine  
  131  20:57  Marine  
  133  21:01  Marine x2  
  132  21:07  SCV x2  
  128  21:14  Marine  
  128  21:15  SCV, Siege Tank  
  128  21:16  SCV  
  121  21:23  Marine  
  117  21:27  Siege Tank  
  117  21:28  Marine x2  
  117  21:30  Marine  
  117  21:32  Marine x4  
  115  21:33  SCV x3  
  115  21:35  SCV  
  115  21:37  SCV  
  123  21:44  Marine x2  
  118  21:53  Sensor Tower, Refinery  
  118  21:54  Marine  
  119  22:04  Marine x3  
  119  22:06  Orbital Command  
  121  22:11  Marine  
  121  22:12  Marine x2  
  121  22:15  Medivac  
  122  22:35  Command Center  
  121  22:47  Command Center  
  120  22:53  Marine x2, Siege Tank x2  
  120  22:54  Marine  
  120  22:57  Marine x3  
  132  23:09  Medivac x3  
  132  23:10  Marine, Starport Reactor  
  132  23:11  Marine x3  
  141  23:16  Marine  
  141  23:19  Marine  
  142  23:20  Marine  
  142  23:23  Siege Tank  
  142  23:24  Marine  
  142  23:25  Marine  
  138  23:32  Marine x3  
  138  23:34  Marine  
  138  23:35  Marine x2  
  107  23:42  Marine x2  
  107  23:44  Siege Tank  
  92  23:53  SCV, Siege Tank  
  97  23:55  SCV  
  97  23:59  SCV x3  
  100  24:11  Marine x2, Siege Tank  
  100  24:12  SCV  
  100  24:14  SCV  
  107  24:20  Orbital Command  
  107  24:25  Marine x2  
  107  24:28  Marine x2  
  102  24:32  Marine, Siege Tank  
  102  24:36  Marine  
  102  24:41  Orbital Command  
  102  24:42  Siege Tank  
  102  24:43  Marine x3, Siege Tank  
  102  24:45  Marine  
  107  24:49  Marine x2  
  101  24:54  Marine x2  
  101  24:56  Marine  
  101  24:59  Marine  
  103  25:01  Marine  
  103  25:02  Marine  
  99  25:13  Siege Tank  
  89  25:14  Marine  
  89  25:15  Marine x3  
  89  25:16  Marine  
Show
View Real Time Build Order
Export as new Build Order

ViBE Terran - Winner!

Build Orders: Reaper Expand 

Get SALT Encoding   

  12  0:00  SCV  
  13  0:12  SCV  
  14  0:17  Supply Depot  
  14  0:24  SCV  
  15  0:39  SCV, Barracks  
  16  0:43  Refinery  
  16  0:51  SCV  
  17  1:03  SCV  
  18  1:15  SCV  
  19  1:27  Orbital Command  
  19  1:28  Reaper  
  20  1:41  Command Center  
  20  1:55  SCV  
  20  1:57  Supply Depot  
  20  2:00  Marine  
  22  2:11  SCV  
  23  2:16  Factory  
  23  2:18  Marine  
  23  2:20  Refinery  
  24  2:24  SCV  
  25  2:38  Barracks Reactor  
  25  2:39  SCV  
  26  2:47  Bunker  
  26  2:51  SCV  
  27  3:00  Supply Depot  
  26  3:08  Hellion  
  26  3:09  Orbital Command  
  25  3:15  Marine x2  
  25  3:42  Marine x2  
  25  3:45  Factory Tech Lab  
  25  3:46  Starport  
  27  3:59  SCV  
  26  4:04  SCV  
  26  4:06  Marine x2, Siege Tank  
  32  4:11  SCV  
  32  4:16  SCV  
  34  4:20  Supply Depot  
  34  4:23  SCV  
  35  4:26  Medivac, Command Center  
  35  4:28  SCV, Marine x2  
  40  4:36  SCV  
  41  4:40  SCV  
  42  4:48  SCV  
  42  4:52  SCV  
  43  4:57  Supply Depot, Barracks x2  
  43  4:58  Supply Depot  
  43  5:00  SCV  
  43  5:04  SCV  
  44  5:12  SCV  
  44  5:16  SCV  
  45  5:24  Marine x2, SCV  
  45  5:25  Siege Tank  
  45  5:26  Starport Reactor  
  50  5:28  SCV  
  50  5:35  Supply Depot  
  51  5:36  SCV  
  51  5:40  SCV  
  53  5:44  Marine x2  
  53  5:48  SCV  
  57  5:53  SCV  
  57  5:59  Siege Tank  
  57  6:00  SCV, Barracks Tech Lab  
  57  6:03  Engineering Bay  
  61  6:04  Medivac, Engineering Bay  
  61  6:05  SCV, Medivac  
  66  6:13  SCV  
  66  6:14  Refinery  
  66  6:17  SCV, Orbital Command  
  66  6:18  Refinery  
  68  6:20  Barracks Tech Lab  
  68  6:23  Stimpack  
  68  6:25  SCV  
  69  6:29  SCV  
  69  6:31  Terran Infantry Weapons Level 1, Terran Infantry Armor Level 1  
  70  6:41  SCV x2  
  71  6:49  SCV  
  71  6:50  Marine x4  
  71  6:51  Combat Shield  
  71  6:53  SCV x2  
  77  7:01  Siege Tank  
  80  7:02  Sensor Tower  
  80  7:04  SCV  
  80  7:05  SCV x2  
  83  7:14  Marine x4  
  87  7:20  Supply Depot x2  
  87  7:21  Armory  
  87  7:33  SCV x3  
  90  7:39  Command Center  
  90  7:41  Marine x4  
  90  7:42  Siege Tank  
  90  7:43  Viking x2  
  101  7:45  SCV  
  101  7:46  SCV x2  
  101  7:48  Refinery  
  101  7:50  Refinery  
  104  7:58  SCV x3  
  107  7:59  Marine  
  107  8:03  Marine x3  
  111  8:17  Marine  
  101  8:25  SCV x3  
  88  8:37  SCV x3  
  88  8:38  Marine x4  
  88  8:40  Siege Tank  
  98  8:41  Viking  
  98  8:42  Viking  
  98  8:43  Terran Infantry Weapons Level 2, Terran Infantry Armor Level 2  
  98  8:44  Terran Vehicle Weapons Level 1  
  102  8:49  SCV x3  
  102  8:51  Barracks  
  102  8:52  Barracks  
  102  8:54  Barracks  
  105  9:01  SCV x2  
  107  9:09  Marine x4  
  111  9:13  SCV  
  111  9:14  SCV x2  
  114  9:22  Planetary Fortress  
  114  9:25  SCV  
  114  9:26  SCV x2  
  113  9:33  Marine  
  113  9:34  Marine x2  
  113  9:36  Siege Tank  
  113  9:37  Viking x2  
  113  9:38  SCV x3  
  126  9:41  Barracks Reactor x2  
  126  9:42  Barracks Reactor  
  126  9:50  SCV x2  
  126  9:52  SCV  
  128  10:02  SCV x2  
  128  10:04  SCV  
  131  10:08  SCV  
  131  10:11  Sensor Tower  
  131  10:13  Command Center  
  132  10:16  Sensor Tower  
  132  10:17  Factory  
  132  10:20  Refinery  
  132  10:22  SCV  
  132  10:24  SCV  
  132  10:25  SCV  
  128  10:34  Marine x10  
  117  10:50  Viking x2, Siege Tank  
  117  10:51  Marine  
  117  10:52  Marine x7  
  132  10:59  Marine  
  115  11:04  Marine  
  115  11:07  Factory Tech Lab  
  115  11:09  Marine x3  
  115  11:10  Marine x4  
  114  11:11  SCV x3  
  114  11:18  Marine x2  
  115  11:22  Marine  
  115  11:23  Barracks  
  115  11:24  SCV x4, Barracks  
  115  11:25  Barracks x2, Refinery  
  113  11:26  Barracks  
  113  11:27  Marine x5, Siege Tank x2  
  113  11:30  Medivac x2  
  113  11:32  Terran Infantry Armor Level 3, Terran Infantry Weapons Level 3  
  128  11:36  SCV x4  
  132  11:42  Command Center  
  132  12:10  Supply Depot x2  
  132  12:11  Marine x8, SCV, Medivac x2, Supply Depot  
  132  12:12  Supply Depot x2  
  132  12:13  Supply Depot x2  
  145  12:32  Marine  
  145  12:33  Marine x11  
  145  12:34  Barracks Reactor  
  145  12:35  Siege Tank x2  
  145  12:46  Marine  
  145  12:47  Marine  
  145  12:50  Marine x3  
  145  12:51  Marine x3, Barracks Reactor x4  
  150  12:53  SCV  
  150  12:54  SCV x3  
  154  13:06  Marine x4  
  154  13:07  Viking x2  
  154  13:08  Marine x3  
  165  13:21  Planetary Fortress  
  165  13:25  Sensor Tower  
  165  13:27  Command Center  
  165  13:36  Terran Ship Weapons Level 1  
  165  13:37  Marine x16  
  165  13:38  Marine x4  
  163  13:55  Marine  
  134  13:57  Viking x2, Siege Tank x2  
  134  14:00  Marine  
  134  14:01  Marine x15  
  160  14:03  Marine x2  
  162  14:13  Marine x2  
  164  14:18  Marine  
  164  14:19  Marine x3  
  148  14:27  Marine  
  148  14:28  Marine x13  
  148  14:31  Marine x2  
  159  14:33  Smart Servos  
  161  14:44  Marine x4  
  165  14:45  Marine, Siege Tank  
  165  14:46  Marine x2, Viking x2, Siege Tank  
  165  14:47  Marine  
  165  14:48  Marine x9  
  165  14:52  Hi-Sec Auto Tracking  
  188  14:53  Neosteel Armor  
  163  15:14  Marine x5  
  163  15:15  Marine x5  
  155  15:33  Planetary Fortress  
  155  15:36  Siege Tank x2  
  155  15:37  Marine x6, Viking x2  
  155  15:38  Marine x13  
  155  15:39  Marine  
  185  15:53  Command Center  
  185  15:55  Marine x6, Terran Ship Weapons Level 2  
  191  16:01  Marine x6  
  194  16:34  Marine x6  
  200  16:43  Starport x2  
  200  16:44  Starport  
  148  16:57  Command Center  
  144  17:11  Viking x2  
  144  17:12  Siege Tank x2  
  144  17:13  Marine  
  144  17:14  Marine x19  
  172  17:26  Starport Reactor x3  
  172  17:31  Marine x2  
  172  17:32  Marine x3  
  172  17:37  Marine x15  
  191  17:44  Siege Tank x2  
  191  17:49  Marine x2  
  198  17:57  SCV x5  
  195  18:09  SCV x5  
  195  18:11  Planetary Fortress  
  200  18:14  Sensor Tower  
  197  18:34  Sensor Tower  
  189  19:04  Marine  
  189  19:05  Marine x19  
  189  19:07  Siege Tank x2  
  189  19:08  Viking x8  
  185  19:22  Marine  
  185  19:23  Marine x10, Planetary Fortress  
  193  19:26  SCV x5  
  198  19:38  Viking  
  185  19:56  Terran Ship Weapons Level 3  
  185  19:57  Marine  
  185  19:58  Marine x14  
  188  20:20  Marine  
  188  20:21  Marine x19  
  168  20:23  Viking x5, Siege Tank x2  
  187  21:17  Siege Tank  
  187  21:18  Siege Tank  
  180  21:19  Marine x18  
  180  21:20  Marine  
  182  21:37  Medivac x2  
  186  21:46  Marine x16  
  198  22:28  Barracks x2  
  198  22:29  Barracks  
  198  22:30  Barracks  
  198  22:31  Barracks, Refinery  
  198  22:32  Barracks x2, Refinery  
  198  22:34  Barracks  
  198  22:37  Factory  
  198  22:38  Factory  
  198  22:39  Refinery  
  198  22:42  Sensor Tower, Refinery x2  
  198  22:56  Siege Tank  
  200  23:22  Barracks Reactor x8  
  200  23:25  Factory Tech Lab x2  
  127  23:42  Marine x12  
  127  23:43  Marine x8  
  127  23:44  Viking x4, Siege Tank x4  
  127  23:45  Viking x4  
  163  23:58  Marine  
  163  23:59  Marine x14  
  163  24:00  Marine x18  
  163  24:01  Marine x2  
  163  24:02  Marine  
  199  24:03  SCV  
  200  24:14  Viking  
  200  24:16  Marine  
  199  24:28  Terran Vehicle Weapons Level 2  
  179  25:05  SCV x6  
  185  25:08  Marine x9  
  185  25:12  Medivac x2, Command Center  
  192  25:17  SCV x6  
  177  25:29  SCV  
  177  26:34  Marine x13  
  177  26:35  Marine  
  177  26:36  Marine x7  
  177  26:37  Marine  
Tags
 
Add a new tag
Caveats
  • Supply blocks, unpowered buildings, or Contaminate may cause inaccurate times.
  • Supply counts are checked every 10 seconds.